 Dungeon Crawl Stone Soup version 0.30-a0-782-ge64f9170bb (webtiles) character file.

Game seed: 15566789600301824397

78 Drevant2 the Digger (level 4, -2/13 HPs)
             Began as a Meteoran Earth Elementalist on Feb 18, 2023.
             Slain by a goblin
             ... wielding a +0 club
             ... led by Robin
              (3 damage)
             ... on level 2 of the Dungeon.
             The game lasted 00:07:32 (1648 turns).

Drevant2 the Digger (Meteoran Earth Elementalist)   Turns: 1648, Time: 00:07:33

Health: -2/13      AC:  2    Str:  9    XL:     4   Next: 93%
Magic:  6/9        EV: 12    Int: 18    God:
Gold:   77         SH:  0    Dex: 15    Spells: 7/8 levels left

rFire   . . .      SeeInvis .    c - +0 dagger
rCold   . . .      Faith    .    (no shield)
rNeg    . . .      Spirit   .    a - +0 robe
rPois   .          Reflect  .    (no helmet)
rElec   .          Harm     .    (no cloak)
rCorr   .          Rampage  .    (no gloves)
Will    .....                    (no boots)
Stlth   +                        (no amulet)
HPRegen 0.22/turn                (no ring)
MPRegen 0.11/turn                (no ring)

@: glowing
A: sense surroundings 1, otherworldly, glowing, explore regen
a: no special abilities


You were on level 2 of the Dungeon.
You visited 1 branch of the dungeon, and saw 3 of its levels.

You collected 77 gold pieces.

Inventory:

Hand Weapons
 c - a +0 dagger (weapon)
Armour
 a - a +0 robe (worn)
Scrolls
 f - a scroll of fear {unknown}
 g - a scroll of identify {unknown}
 h - a scroll of enchant armour {unknown}
 j - a scroll of teleportation {unknown}
 k - a scroll of blinking {unknown}
 l - 2 scrolls of immolation {unknown}
Potions
 b - a potion of magic
 d - 2 potions of haste {unknown}
 e - 2 potions of mutation {unknown}
 i - 2 potions of brilliance {unknown}


   Skills:
 - Level 2.4 Dodging
 - Level 1.4 Stealth
 - Level 2.6 Spellcasting
 - Level 1.2 Transmutations
 * Level 6.1 Earth Magic


You had 7 spell levels left.
You knew the following spells:

 Your Spells              Type           Power      Damage    Failure   Level
a - Sandblast             Erth           48%        2d12      1%          1

Your spell library contained the following spells:

 Spells                   Type           Power      Damage    Failure   Level
 Passwall                 Tmut/Erth      12%        N/A       5%          2
 Stone Arrow              Conj/Erth      26%        3d8       14%         3
 Petrify                  Tmut/Erth      15%        N/A       36%         4


Dungeon Overview and Level Annotations

Branches:
Dungeon (3/15) Zot: 721

Altars:

Annotations:
D:3 Robin


Innate Abilities, Weirdness & Mutations

You passively map a small area around you.
You are easily found by Zot.
You glow in the dark.
You regain HP and MP as you explore.


Message History

You kill the goblin!
Robin throws the goblin at you! The goblin completely misses you.
A goblin comes into view. It is wielding a +0 dagger.
A hobgoblin comes into view.
A goblin comes into view. It is wielding a +0 club.
The goblin hits you with a +0 club. x2
* * * LOW HITPOINT WARNING * * *
The goblin moves out of view.
Casting: Sandblast (safe; 1% risk of failure)
Confirm with . or Enter, or press ? or * to list all spells.
Aiming: Sandblast (safe; 1% risk of failure)
Press: ? - help, Shift-Dir - straight line
Okay, then.
The goblin barely misses you. Robin throws the goblin at you!
* * * LOW HITPOINT WARNING * * *
The goblin hits you with a +0 club.
* * * LOW HITPOINT WARNING * * *
Your magical contamination has completely faded away.
The goblin attacks as you move away! The goblin misses you.
Robin throws the goblin at you!
* * * LOW HITPOINT WARNING * * *
The goblin hits you but does no damage.
There is a stone staircase leading up here.
The goblin hits you with a +0 club.
* * * LOW HITPOINT WARNING * * *
The goblin hits you but does no damage.
You climb upwards.
There is a stone staircase leading down here.
The goblin hits you with a +0 club.
* * * LOW HITPOINT WARNING * * *
The goblin hits you but does no damage.
Casting: Sandblast (safe; 1% risk of failure)
Confirm with . or Enter, or press ? or * to list all spells.
Aiming: Sandblast (safe; 1% risk of failure)
Press: ? - help, Shift-Dir - straight line, f - goblin
Aim: a goblin, wielding a +0 club (79% to hit)
The blast of sand hits the goblin!
You kill the goblin!
The goblin hits you with a +0 club.
You die...

##########**###
#......... ..#
#.#####รท#####.# #.#
##.#.....# #.#
##).#.###.#
###.###>@.....#.#####
#......g....#.......#
#.#.###...#.###.###.#
#.#.# ##..#.....# #.#
#.#.. ..........# #.#
### #.######.########
#.# ##.###.# ##+##
#.# ##...##.# ##...##
##.## ##.....#.#
##.....## #...###


You could see a goblin.

Vanquished Creatures
  2 adders (D:2)
  5 bats (D:1)
  6 endoplasms
  2 giant cockroaches
  11 goblins
  8 hobgoblins
  4 quokkas
  3 ball pythons
  3 frilled lizards (D:1)
  5 kobolds
  4 rats
53 creatures vanquished.

Notes
Turn   | Place    | Note
-------+----------+-------------------------------------------
     0 | D:1      | Drevant2 the Meteoran Earth Elementalist began the quest
                  | for the Orb.
     0 | D:1      | Reached XP level 1. HP: 14/14 MP: 5/5
   153 | D:1      | Reached skill level 4 in Earth Magic
   160 | D:1      | Reached XP level 2. HP: 20/20 MP: 3/6
   343 | D:1      | Reached XP level 3. HP: 25/26 MP: 6/8
   489 | D:1      | Glimpsed the power of Zot.
   539 | D:1      | Glimpsed the power of Zot.
   579 | D:1      | Glimpsed the power of Zot.
   589 | D:1      | Touched by the power of Zot.
   595 | D:1      | Reached skill level 5 in Earth Magic
   631 | D:1      | Found a faded altar of an unknown god.
   687 | D:1      | Glimpsed the power of Zot.
   737 | D:1      | Glimpsed the power of Zot.
   776 | D:1      | Glimpsed the power of Zot.
   785 | D:1      | Touched by the power of Zot.
   885 | D:1      | Glimpsed the power of Zot.
   935 | D:1      | Glimpsed the power of Zot.
   975 | D:1      | Glimpsed the power of Zot.
   985 | D:1      | Touched by the power of Zot.
  1063 | D:2      | Reached XP level 4. HP: 10/13 MP: 5/9
  1571 | D:2      | Reached skill level 6 in Earth Magic
  1636 | D:3      | Noticed Robin
  1648 | D:2      | Slain by a goblin

Illustrated notes

Levels and vault maps discovered:
D:1:      minmay_arrival_up_and_down, layout_basic,
          shapermc_ecumenical_altar_venn, minmay_vboxes
D:2:      layout_loops_corners
D:3:      layout_rooms, uniq_robin, uniq_ijyb

Skill      XL: |  1  2  3  4 |
---------------+-------------+-----
Earth Magic    | 4 5 6 |  6.1
Dodging        | |  2.4
Stealth        | |  1.4
Spellcasting   | |  2.6
Transmutations | |  1.2

Action                     |  1- 3 |  4- 6 || total
---------------------------+-------+-------++-------
  Melee: Dagger            |    12 |       ||    12
   Cast: Sandblast         |    37 |    26 ||    63
 Armour: Robe              |    11 |     4 ||    15
  Dodge: Dodged            |    19 |     6 ||    25

Table legend: (Time is in decaauts)
 A = Elapsed time spent in this place.
 B = Non-inter-level travel time spent in this place.
 C = Inter-level travel time spent in this place.
 D = Time resting spent in this place.
 E = Time spent auto-exploring this place.
 F = Levels seen in this place.
 G = Mean time per level.
                   A        B        C        D        E       F      G
               +--------+--------+--------+--------+--------+-----+--------+
         Total |   1678 |   1435 |    243 |    309 |    545 |   3 |  559.3 |
       Dungeon |   1678 |   1435 |    243 |    309 |    545 |   3 |  559.3 |
               +--------+--------+--------+--------+--------+-----+--------+

Top non-repeatable levels by time:
     D:1: 1002 daAuts
     D:2: 637 daAuts
     D:3: 38 daAuts
